 Dungeon Crawl Stone Soup version 0.15-a0-1936-gbed3715 (webtiles) character file.

35746 Amnesiac the Fighter (level 13, 0/129 HPs)
             Began as an Ogre Transmuter on July 8, 2014.
             Was the Champion of Dithmenos.
             Shot with a bolt of flame by Saint Roka (11 damage)
             ... on Level 2 of the Elven Halls.
             The game lasted 01:34:50 (20958 turns).

Amnesiac the Fighter (Ogre Transmuter)             Turns: 20958, Time: 01:34:50

HP   0/129       AC  9     Str 18      XL: 13   Next: 85%
MP  21/32        EV 14     Int 11      God: Dithmenos [******]
Gold 1014        SH  0     Dex 12      Spells: 10 memorised,  6 levels left

rFire  . . .     SeeInvis +     b - 311 arrows
rCold  . . .     Clarity  .     n - +2 robe {rN+}
rNeg   + . .     rCorr    .     (shield restricted)
rPois  .         rRot     .     W - +2 hat {SInv}
rElec  .         Spirit   .     m - +1 cloak
SustAb .         Warding  .     (gloves unavailable)
rMut   .         Stasis   .     (boots unavailable)
Gourm  .                        o - amulet of rage
MR     +....                    E - ring of regeneration
                                U - ring "Diehupt" {EV+2 Int+1}

@: wreathed by umbra, repel missiles, somewhat resistant to hostile
enchantments, very unstealthy
A: unfitting armour, clumsy 1, dopey 1, frail 1, tough skin 1, no device heal 1
a: Shadow Step, Shadow Form, Renounce Religion, Evoke Berserk Rage


You were on level 2 of the Elven Halls.
You worshipped Dithmenos.
Dithmenos was exalted by your worship.
You were hungry.

You visited 4 branches of the dungeon, and saw 18 of its levels.
You also visited: Volcano.

You collected 2128 gold pieces.
You spent 1114 gold pieces at shops.

Inventory:

Hand weapons
 K - a +8 blowgun
Missiles
 b - 311 arrows (in hand)
 y - 5 large rocks
 B - a throwing net
 F - 5 javelins (quivered)
 H - 37 arrows of frost
 N - 2 curare-tipped needles
 X - 8 poisoned arrows
Armour
 k - a mottled dragon hide
 m - a +1 cloak (worn)
 n - a +2 robe of positive energy (worn)
 W - a +2 hat of see invisible (worn)
Magical devices
 r - a wand of paralysis (1)
 C - a wand of heal wounds (6)
 M - a wand of confusion (6)
 R - a wand of confusion (11)
Comestibles
 a - 8 meat rations
 c - a slice of pizza
 i - 4 bread rations
 j - 3 beef jerkies
 D - 4 rotting chunks of ogre flesh
 V - 3 fruits
Scrolls
 f - 2 scrolls of identify
 l - 2 scrolls of remove curse
 q - 3 scrolls of recharging
 t - 3 scrolls of magic mapping
 u - a scroll of blinking
 v - a scroll of fog
 x - a scroll of amnesia
 I - a scroll of fear
 Y - a scroll of holy word
Jewellery
 o - an amulet of rage (around neck)
 E - a ring of regeneration (right hand)
 O - an uncursed ring of teleportation
 U - the ring "Diehupt" (left hand) {EV+2 Int+1}
   (You found it on level 10 of the Dungeon)

   [ring of evasion]

   It affects your evasion (+2).
   It affects your intelligence (+1).
Potions
 g - 3 potions of cancellation
 h - 3 potions of curing
 p - a potion of heal wounds
 s - a potion of beneficial mutation
 A - 2 potions of brilliance
 G - 7 potions of berserk rage
 J - a potion of flight
 S - 3 potions of might
Books
 d - a book of Changes

   Spells                             Type                      Level
   Beastly Appendage                  Transmutation                1
   *Sticks to Snakes                  Transmutation                2
   *Spider Form                       Transmutation/Poison         3
   *Ice Form                          Ice/Transmutation            4
   *Blade Hands                       Transmutation                5
 L - a book of Transfigurations

   Spells                             Type                      Level
   Stoneskin                          Transmutation/Earth          2
   *Ice Form                          Ice/Transmutation            4
   Statue Form                        Transmutation/Earth          6
   Dragon Form                        Transmutation                7
 P - a book of Unlife

   Spells                             Type                      Level
   Recall                             Summoning/Translocation      3
   Animate Dead                       Necromancy                   4
   Control Undead                     Necromancy                   4
   Twisted Resurrection               Necromancy                   5
   Death Channel                      Necromancy                   6
   Simulacrum                         Ice/Necromancy               6
 Q - a book of Party Tricks

   Spells                             Type                      Level
   *Summon Butterflies                Summoning                    1
   *Apportation                       Translocation                1
   *Blink                             Translocation                2
   Tukima's Dance                     Hexes                        3
   *Alistair's Intoxication           Transmutation/Poison         4
 T - a book of Minor Magic

   Spells                             Type                      Level
   Magic Dart                         Conjuration                  1
   *Blink                             Translocation                2
   Call Imp                           Summoning                    2
   *Repel Missiles                    Charms/Air                   2
   Slow                               Hexes                        2
   Conjure Flame                      Conjuration/Fire             3
   *Mephitic Cloud                    Conjuration/Poison/Air       3


   Skills:
 - Level 13.6 Fighting
 - Level 6.3 Dodging
 - Level 6.0 Unarmed Combat
 + Level 10.8 Spellcasting
 - Level 6.0 Translocations
 - Level 11.0 Transmutations
 - Level 1.2 Air Magic
 - Level 1.2 Poison Magic


You had 6 spell levels left.
You knew the following spells:

 Your Spells              Type           Power        Failure   Level  Hunger
a - Repel Missiles        Chrm/Air       #.....       17%         2    None
b - Blink                 Tloc           N/A          1%          2    None
c - Ice Form              Ice/Trmt       ###.......   14%         4    ####...
d - Sticks to Snakes      Trmt           ####......   1%          2    None
e - Mephitic Cloud        Conj/Pois/Air  #.......     24%         3    ##.....
g - Alistair's Intoxicat  Trmt/Pois      ###.....     12%         4    ####...
h - Apportation           Tloc           ###.......   1%          1    None
q - Blade Hands           Trmt           ####......   4%          5    #####..
s - Summon Butterflies    Summ           #.......     14%         1    None
x - Spider Form           Trmt/Pois      ###.......   3%          3    ##.....


Dungeon Overview and Level Annotations

Branches:
Dungeon (11/15)            Temple (1/1) D:5             Orc (4/4) D:10
    Elf (2/3) Orc:4
   Lair: D:8-11

Altars:
Ashenzari
Cheibriados
Dithmenos
Elyvilon
Fedhas
Gozag
Kikubaaqudgha
Makhleb
Nemelex Xobeh
Okawaru
Qazlal
Sif Muna
Trog
Vehumet
Xom
Yredelemnul
Zin
The Shining One

Shops:
D:4 *   D:7 *   Orc:2 [   Orc:4 %}=:*:[

Annotations:
Elf:2 Saint Roka


Innate Abilities, Weirdness & Mutations

You are too large for most types of armour.
You have tough skin (AC +1).*
You are clumsy. (Dex -2)
You are dopey. (Int -2)
You are frail (-10% HP).
Potions and wands are less effective at restoring your health.


Message History

Unknown command.
Level annotation: Saint Roka Welcome back, Amnesiac the Ogre Transmuter.
Dithmenos says: Spread the eternal night.
Press ? for a list of commands and other information.
Saint Roka calls down the wrath of Beogh upon you.
Something smites you!
Drink which item? (? for menu, Esc to quit)
Okay, then.
Wield which item (- for none, * to show all)? (? for menu, Esc to quit)
b - 311 arrows (in hand)
Your butterfly disappears in a puff of smoke!
Saint Roka shoots a bolt of flame.
The bolt of flame completely misses your butterfly.
The bolt of flame closely misses your butterfly.
The bolt of flame completely misses your butterfly.
The bolt of flame hits you!!
* * * LOW HITPOINT WARNING * * *
The bolt of flame burns you!
You die...

.........................#
.........................#
######################...#
.........)...........#...#
.........)..[........#...#
###########..######..#...#
..........#..#..(.#..#...#
..........#..#b.§b#..#...#
########..#..#bb@b#..#...#
.......#..#..#b.b.#..#...#
.......#..#..#b.b.#..#...#
.......#..'..#....#..#...#
'###...#..#..#.bb.#..#...#
.).#...#..#..#..o.#..#...#
..[#...#..#..#....#..#...#
...#...#..#..#....#..#...#
...#...#..#..#....#..#...#


You could see Saint Roka.

Vanquished Creatures
  A fire dragon (Volcano)
  3 orc high priests (Orc:4)
  7 deep elf knights
  4 deep elf summoners
  4 orc sorcerers
  5 orc knights
  A cyclops (Orc:3)
  9 deep elf conjurers
  An item mimic (D:8)
  An orange demon (Orc:4)
  A fire drake (Volcano)
  6 deep elf priests
  A two-headed ogre (Orc:4)
  A trapdoor spider (shapeshifter) (Elf:2)
  19 deep elf magi
  A wraith (D:10)
  A wyvern (D:9)
  4 yaks (D:9)
  2 hill giant zombies (D:10)
  6 ugly things (D:10)
  7 fire bats (Volcano)
  A hill giant skeleton (D:9)
  4 wolves (Orc:2)
  12 deep elf fighters
  A mottled dragon (Volcano)
  3 trolls
  6 wargs (Orc:2)
  A hell hound (Volcano)
  A porcupine (D:7)
  6 sky beasts
  4 ice beasts
  17 orc warriors
  10 ogres
  4 phantoms
  A black bear (D:7)
  3 centaurs
  Sigmund (D:2)
  Blork the orc (Orc:1)
  4 giant frogs
  A scorpion (D:7)
  2 troll zombies
  13 killer bees
  A hippogriff skeleton (D:7)
  5 wights (D:9)
  3 jellies
  An electric eel (Orc:2)
  2 yak skeletons (Orc:4)
  4 crimson imps
  17 orc priests
  A giant frog skeleton (D:6)
  33 orc wizards
  8 hounds
  An iron imp (Orc:1)
  A soldier ant zombie (D:9)
  4 iguanas
  2 gnoll shamans
  7 worker ants
  A big kobold skeleton (D:5)
  5 ogre zombies
  2 worker ant zombies
  9 gnolls
  9 adders
  2 giant mites
  2 shadow imps
  A white imp (Orc:1)
  A worm (D:2)
  An iguana zombie (D:9)
  An adder zombie (D:6)
  11 orc skeletons
  4 giant geckos
  4 oozes
  189 orcs
  3 bat skeletons
  3 giant cockroaches
  15 goblins
  18 hobgoblins
  16 kobolds
  2 quokkas
  5 ball pythons
  11 bats
  5 giant newts
  3 goblin zombies (D:10)
  A hobgoblin skeleton (D:4)
  2 hobgoblin zombies (D:10)
  15 jackals
  A kobold skeleton (D:4)
  13 orc zombies (D:10)
  16 rats
  6 rat skeletons (Orc:4)
648 creatures vanquished.

Vanquished Creatures (others)
  A deep elf fighter (Elf:2)
  An orc warrior (Orc:4)
  A swamp drake (Orc:1)
  2 orc priests (Orc:4)
  2 orc wizards (Orc:4)
  2 orcs
  4 rat skeletons (Orc:4)
13 creatures vanquished.

Grand Total: 661 creatures vanquished

Notes
Turn   | Place    | Note
--------------------------------------------------------------
     0 | D:1      | Amnesiac, the Ogre Transmuter, began the quest for the Orb.
     0 | D:1      | Reached XP level 1. HP: 19/19 MP: 3/3
     3 | D:1      | Noticed a shark
     3 | D:1      | Noticed a shark
   279 | D:1      | Reached XP level 2. HP: 21/27 MP: 3/5
   285 | D:1      | Learned a level 2 spell: Sticks to Snakes
   806 | D:3      | You fall through a shaft!
  1146 | D:3      | Reached XP level 3. HP: 33/33 MP: 4/6
  1152 | D:3      | Learned a level 3 spell: Spider Form
  1373 | D:4      | Reached XP level 4. HP: 37/41 MP: 6/8
  1416 | D:5      | Entered Level 5 of the Dungeon
  1446 | D:4      | Reached skill level 3 in Transmutations
  1580 | D:4      | Reached XP level 5. HP: 48/48 MP: 8/11
  1956 | D:4      | Found Husseog's Assorted Antiques.
  1965 | D:4      | Bought a blue potion for 27 gold pieces
  1965 | D:4      | Bought a scroll labeled MNIUXK PYOMIUMN for 31 gold pieces
  1965 | D:4      | Bought 2 scrolls labeled CLUROTT THRIX for 62 gold pieces
  2015 | D:4      | Reached XP level 6. HP: 54/61 MP: 0/13
  2294 | D:4      | Reached skill level 4 in Unarmed Combat
  2601 | D:5      | Found a shimmering altar of Xom.
  2606 | D:5      | Noticed an angel
  2633 | D:5      | Found a glowing silver altar of Zin.
  2639 | D:5      | Noticed a sky beast
  2679 | D:5      | Killed a sky beast
  2679 | D:5      | Reached XP level 7. HP: 55/71 MP: 4/15
  2849 | D:5      | Noticed an ogre
  2860 | D:5      | Killed an ogre
  2860 | D:5      | Reached skill level 5 in Fighting
  2860 | D:5      | Reached skill level 5 in Unarmed Combat
  3153 | D:5      | Found a white marble altar of Elyvilon.
  3290 | D:5      | Found a staircase to the Ecumenical Temple.
  3299 | Temple   | Entered the Ecumenical Temple
  3315 | Temple   | Became a worshipper of Dithmenos the Shadowed
  3436 | D:4      | Bought a scroll labeled REOXEON THEE for 31 gold pieces
  4200 | D:2      | Noticed Sigmund
  4210 | D:2      | Killed Sigmund
  4705 | D:3      | Found a shattered altar of Ashenzari.
  5401 | D:6      | Reached skill level 6 in Fighting
  5401 | D:6      | Reached XP level 8. HP: 81/83 MP: 13/16
  6297 | D:6      | Reached skill level 5 in Dodging
  6794 | D:7      | Reached XP level 9. HP: 73/89 MP: 16/18
  7040 | D:7      | Learned a level 5 spell: Blade Hands
  7045 | D:7      | Learned a level 4 spell: Ice Form
  7179 | D:7      | Noticed Ijyb
  7192 | D:7      | Noticed Ijyb
  7192 | D:7      | Ijyb changed into Ijyb the porcupine
  7198 | D:7      | Killed Ijyb the porcupine
  7406 | D:7      | Acquired Dithmenos' first power
  7708 | D:7      | Found Notam's General Store.
  7866 | D:8      | Reached skill level 5 in Spellcasting
  7866 | D:8      | Reached skill level 5 in Transmutations
  8154 | D:8      | Killed a giant club mimic
  8991 | D:8      | Learned a level 1 spell: Summon Butterflies
  8993 | D:8      | Learned a level 1 spell: Apportation
  8996 | D:8      | Learned a level 2 spell: Blink
  9358 | D:8      | Reached XP level 10. HP: 49/98 MP: 3/24
  9695 | D:9      | Acquired Dithmenos' second power
  9695 | D:9      | Reached skill level 7 in Spellcasting
  9809 | D:9      | Found a glowing golden altar of the Shining One.
 10133 | D:9      | Found a blossoming altar of Fedhas.
 10220 | D:9      | Found a stormy altar of Qazlal.
 10856 | D:10     | Entered Level 10 of the Dungeon
 10895 | D:10     | Got a fine long sword
 10979 | D:10     | Reached skill level 8 in Spellcasting
 11046 | D:10     | Identified the +2 long sword of Classification {drain, rElec rC+ rN+ Str+3 Int-2} (You found it on level 10 of the Dungeon)
 11084 | D:10     | Gained mutation: You are frail (-10% HP). [mutagenic meat]
 11085 | D:10     | Gained mutation: You are clumsy. (Dex -2) [mutagenic meat]
 11086 | D:10     | Gained mutation: You have difficulty communicating with the divine. [mutagenic meat]
 11087 | D:10     | Gained mutation: You are dopey. (Int -2) [mutagenic meat]
 11089 | D:10     | Lost mutation: You have difficulty communicating with the divine. [potion of mutation]
 11089 | D:10     | Gained mutation: Potions and wands are less effective at restoring your health. [potion of mutation]
 11271 | D:10     | Reached XP level 11. HP: 92/94 MP: 24/27
 11303 | D:10     | Found a staircase to the Orcish Mines.
 11331 | D:10     | Acquired Dithmenos' third power
 11749 | D:10     | Found a snail-covered altar of Cheibriados.
 11865 | D:10     | Got a flickering ivory ring
 11867 | D:10     | Identified the ring "Diehupt" {EV+2 Int+1} (You found it on level 10 of the Dungeon)
 11875 | D:10     | Learned a level 4 spell: Alistair's Intoxication
 12301 | Orc:1    | Entered Level 1 of the Orcish Mines
 12321 | Orc:1    | Reached skill level 9 in Transmutations
 12437 | Orc:1    | Acquired Dithmenos' fourth power
 12584 | Orc:1    | Noticed Blork the orc
 12597 | Orc:1    | Killed Blork the orc
 12978 | Orc:1    | Learned a level 2 spell: Repel Missiles
 12983 | Orc:1    | Learned a level 3 spell: Mephitic Cloud
 13098 | Orc:2    | Noticed an orc knight
 13204 | Orc:2    | Found Oxuataaf's Antique Armour Boutique.
 13216 | Orc:2    | Bought a glowing robe for 21 gold pieces
 13280 | Orc:2    | Found a dark tunnel.
 13288 | Volcano  | Entered a volcano
 13459 | Volcano  | Noticed a fire dragon
 13503 | Volcano  | Killed a fire dragon
 13618 | Volcano  | HP: 4/94 [fire bat (2)]
 14093 | Orc:2    | Killed an orc knight
 14093 | Orc:2    | Reached skill level 10 in Spellcasting
 14093 | Orc:2    | Reached skill level 10 in Transmutations
 14728 | Orc:2    | Reached XP level 12. HP: 95/107 MP: 27/30
 15610 | Orc:4    | Entered Level 4 of the Orcish Mines
 15623 | Orc:4    | Found a staircase to the Elven Halls.
 15779 | Orc:4    | Found Nuarr's Armour Boutique.
 15933 | Orc:4    | Reached skill level 10 in Fighting
 16506 | Orc:4    | Found Asaomaif's Gadget Shoppe.
 16513 | Orc:4    | Found Cistaeff's Food Shoppe.
 16751 | Orc:4    | Reached skill level 11 in Fighting
 16884 | Orc:4    | Noticed an orc high priest
 16891 | Orc:4    | Noticed an orc high priest
 17156 | Orc:4    | Noticed an orc high priest
 17181 | Orc:4    | Paralysed by an orc sorcerer for 3 turns
 17390 | Orc:4    | Killed an orc high priest
 17390 | Orc:4    | Reached skill level 12 in Fighting
 17491 | Orc:4    | Killed an orc high priest
 17582 | Orc:4    | Killed an orc high priest
 17718 | Orc:4    | Reached skill level 13 in Fighting
 17806 | Orc:4    | Found Imyedy's Jewellery Boutique.
 17807 | Orc:4    | Found Memilad's Book Emporium.
 17808 | Orc:4    | Found Sapsop's Book Boutique.
 18056 | Orc:4    | Found Muil Nanlimp's Assorted Antiques.
 18065 | Orc:4    | Bought a scroll labeled SHELA PAOCW for 33 gold pieces
 18065 | Orc:4    | Bought a sedimented white potion for 29 gold pieces
 18071 | Orc:4    | Bought a book of Transfigurations for 880 gold pieces
 18111 | Elf:1    | Entered Level 1 of the Elven Halls
 18158 | Elf:1    | Reached skill level 1 in Air Magic
 18158 | Elf:1    | Reached skill level 1 in Poison Magic
 18232 | Elf:1    | Reached skill level 1 in Translocations
 18327 | Elf:1    | Reached XP level 13. HP: 47/129 MP: 29/31
 18737 | Elf:1    | Reached skill level 5 in Translocations
 19026 | Elf:1    | Found a burning altar of Makhleb.
 20519 | Elf:2    | Noticed Saint Roka
 20958 | Elf:2    | Shot with a bolt of flame by Saint Roka

Action                   |  1- 3 |  4- 6 |  7- 9 | 10-12 | 13-15 || total
-------------------------+-------+-------+-------+-------+-------++-------
Melee: Unarmed           |   110 |   133 |   529 |  1567 |   264 ||  2603
       Staff             |       |     1 |       |       |       ||     1
 Fire: Blowgun           |       |       |       |     1 |       ||     1
 Cast: Beastly Appendage |    21 |     4 |       |       |       ||    25
       Sticks to Snakes  |     1 |       |       |     1 |       ||     2
       Spider Form       |     2 |    17 |    56 |   119 |    15 ||   209
       Ice Form          |       |       |       |     1 |       ||     1
       Blink             |       |       |       |     7 |     3 ||    10
       Blade Hands       |       |       |       |     6 |    18 ||    24
       Repel Missiles    |       |       |       |     3 |     3 ||     6
       Mephitic Cloud    |       |       |       |     1 |     5 ||     6
       Summon Butterflie |       |       |       |     1 |     3 ||     4
 Abil: End Transformatio |       |       |     1 |     2 |     2 ||     5
Evoke: Wand              |       |       |    10 |    10 |     6 ||    26
  Use: Scroll            |     4 |       |     7 |    21 |    12 ||    44
       Potion            |     2 |       |     1 |     8 |     2 ||    13
 Stab: Distracted        |       |       |     1 |     1 |       ||     2
       Invisible         |       |       |       |     8 |       ||     8
       Sleeping          |       |       |       |     2 |       ||     2
       Paralysed         |       |       |       |       |     6 ||     6
  Eat: Chunk             |     1 |     6 |    31 |    56 |    18 ||   112
       Pizza             |       |     1 |     1 |       |       ||     2
       Beef jerky        |       |       |       |     2 |       ||     2
